 Dungeon Crawl Stone Soup version 0.21.0-37-g46506fa (webtiles) character file.

152 JeffiDaFish the Firebug (level 5, 0/38 HPs)
             Began as a Draconian Fire Elementalist on Jan 31, 2018.
             Slain by a gnoll
             ... wielding a +0 spear
              (11 damage)
             ... on level 3 of the Dungeon.
             The game lasted 00:07:21 (2390 turns).

JeffiDaFish the Firebug (DrFE)                      Turns: 2390, Time: 00:07:22

Health: 0/38       AC:  5    Str: 10    XL:     5   Next: 11%
Magic:  1/9        EV: 13    Int: 15    God:
Gold:   112        SH:  0    Dex: 13    Spells: 2/9 levels left

rFire    . . .     SeeInvis .   d - +0 dagger
rCold    . . .     Gourm    .   (no shield)
rNeg     . . .     Faith    .   (armour unavailable)
rPois    .         Spirit   .   (helmet restricted)
rElec    .         Reflect  .   (no cloak)
rCorr    .         Harm     .   (no gloves)
MR       .....                  (no boots)
Stlth    ++........             f - amulet of magic regeneration
HPRegen  0.12/turn              (no ring)
MPRegen  0.36/turn              (no ring)

@: no status effects
A: unfitting armour, cold-blooded, AC +5
a: no special abilities


You were on level 3 of the Dungeon.
You were very hungry.

You visited 1 branch of the dungeon, and saw 3 of its levels.

You collected 112 gold pieces.

Inventory:

Hand Weapons
 d - a +0 dagger (weapon)
Armour
 e - a +2 pair of gloves of archery
Jewellery
 f - an amulet of magic regeneration (around neck)
Wands
 h - a wand of flame (21)
Scrolls
 i - a scroll of remove curse
Potions
 g - 2 potions of berserk rage
 j - a potion of curing
 k - a potion of cancellation
Books
 a - a book of Flames

   Spells                             Type                      Level
   a - Flame Tongue                   Conjuration/Fire             1
   b - Throw Flame                    Conjuration/Fire             2
   c - Conjure Flame                  Conjuration/Fire             3
   d - Inner Flame                    Hexes/Fire                   3
   e - Sticky Flame                   Conjuration/Fire             4
   f - Fireball                       Conjuration/Fire             5
Comestibles
 b - 3 rations


   Skills:
 - Level 0.2 Fighting
 - Level 1.4 Short Blades
 * Level 2.9 Dodging
 - Level 2.3 Stealth
 * Level 2.8 Spellcasting
 + Level 1.7 Conjurations
 + Level 3.6 Fire Magic


You had 2 spell levels left.
You knew the following spells:

 Your Spells              Type           Power        Failure   Level  Hunger
a - Flame Tongue          Conj/Fire      ##...        7%          1    #......
b - Throw Flame           Conj/Fire      ##....       11%         2    ##.....
c - Sticky Flame          Conj/Fire      ##......     56%         4    #####..


Dungeon Overview and Level Annotations

Branches:
Dungeon (3/15)

Altars:
Ru
Uskayaw

Annotations:
D:3 Draznyth's ghost, amateur GrFi


Innate Abilities, Weirdness & Mutations

Your plain brown scales are hard. (AC +5)
You cannot fit into any form of body armour.
You are cold-blooded and may be slowed by cold attacks.


Message History

The flame tongue hits the rat.
You kill the rat!
You are feeling very hungry.
The gnoll hits you but does no damage.
Casting: Flame Tongue
Confirm with . or Enter, or press ? or * to list all spells.
Aiming: Flame Tongue
Press: ? - help, Shift-Dir - straight line, f/p - gnoll
Aim: a gnoll, wielding a spear (almost dead)
The flame tongue hits the gnoll.
You kill the gnoll!
Casting: Flame Tongue
Confirm with . or Enter, or press ? or * to list all spells.
Aiming: Flame Tongue
Press: ? - help, Shift-Dir - straight line, f - gnoll
Aim: a gnoll, wielding a spear The flame tongue hits the gnoll.
The gnoll is lightly wounded.
The gnoll hits you from afar with a spear!
You die...

#.#.# #.#.# #
##.#.# #
#####....# #
##......### #
###..####..#####
# #...##
##†.##..
#.####.###
#...... #..)@..#
#...... #.g#####
#.....< .....
#...... .......
#...... .......
#...... #######
#...... #######


You could see a gnoll.

Vanquished Creatures
  Jessica (D:2)
  4 adders
  2 gnolls (D:3)
  A worm (D:2)
  2 dart slugs
  3 leopard geckos (D:1)
  An orc (D:3)
  11 bats
  A giant cockroach (D:2)
  6 goblins
  6 hobgoblins
  4 jackals (D:2)
  8 kobolds
  5 frilled lizards
  7 rats
62 creatures vanquished.

Notes
Turn   | Place    | Note
-------+----------+-------------------------------------------
     0 | D:1      | JeffiDaFish the Draconian Fire Elementalist began the quest for the Orb.
     0 | D:1      | Reached XP level 1. HP: 14/14 MP: 3/3
   209 | D:1      | Reached XP level 2. HP: 19/20 MP: 1/5
   577 | D:1      | Learned a level 2 spell: Throw Flame
   632 | D:1      | Reached XP level 3. HP: 16/26 MP: 0/6
  1095 | D:2      | Reached skill level 1 in Short Blades
  1343 | D:2      | Noticed Jessica
  1359 | D:2      | Killed Jessica
  1359 | D:2      | Reached XP level 4. HP: 25/33 MP: 1/7
  1563 | D:2      | Found a sacrificial altar of Ru.
  1624 | D:2      | Found a hide-covered altar of Uskayaw.
  1775 | D:2      | Learned a level 4 spell: Sticky Flame
  1836 | D:3      | Noticed Draznyth's ghost (amateur GrFi)
  2381 | D:3      | Reached XP level 5. HP: 22/38 MP: 4/9
  2390 | D:3      | Slain by a gnoll

Skill      XL: |  1  2  3 |
---------------+----------+-----
Stealth        | 2 |  2.3
Dodging        | 2 |  2.9
Short Blades   | 1 |  1.4
Fighting       | |  0.2
Spellcasting   | |  2.8
Conjurations   | |  1.7
Fire Magic     | |  3.6

Action                   |  1- 3 |  4- 6 || total
-------------------------+-------+-------++-------
Melee: Unarmed           |    20 |       ||    20
       Tailslap          |     9 |     5 ||    14
       Dagger            |    77 |    35 ||   112
 Cast: Flame Tongue      |    43 |    30 ||    73
       Throw Flame       |     4 |    10 ||    14
  Use: Potion            |     6 |     2 ||     8
       Scroll            |     2 |     1 ||     3
 Stab: Sleeping          |       |     2 ||     2
  Eat: Chunk             |     2 |     4 ||     6
Armor: Skin              |    55 |    29 ||    84
Dodge: Dodged            |   134 |    70 ||   204
